Map: Ascension vers Aïur EC

Players

zidar - Winner!

  • Race: Zerg Zerg
  • League: Gold
  • Spawn Location: 11:00

Faxanadu

  • Race: Terran Terran
  • League: Platinum
  • Spawn Location: 5:00

VOD

Have the link to the VOD?

Description

Time

  • Played on: July 12, 2017, 10:22 a.m.
  • Length: 4:54
Show
View Real Time Build Order
Export as new Build Order

zidar Zerg - Winner!

Build Orders: Pool First, Zergling Baneling 

Get SALT Encoding   

  12  0:02  Drone  
  13  0:12  Overlord  
  13  0:17  Drone  
  14  0:30  Drone x2  
  14  0:35  Drone  
  17  0:51  Spawning Pool, Drone  
  17  1:12  Hatchery  
  16  1:19  Drone  
  16  1:22  Extractor, Drone  
  17  1:38  Queen  
  19  1:41  Drone  
  19  1:44  Overlord  
  20  1:53  Drone x2  
  22  2:04  Zergling x2  
  23  2:14  Queen, Zergling x2  
  26  2:30  Metabolic Boost  
  26  2:34  Drone x2  
  28  2:50  Baneling Nest  
  26  3:10  Zergling x2  
  26  3:11  Zergling x12  
  32  3:27  Overlord x2  
  32  3:48  Zergling x2  
  32  3:49  Zergling x8  
  37  4:04  Zergling x10  
  42  4:18  Baneling  
  42  4:19  Baneling x5  
  42  4:22  Zergling x2  
  43  4:26  Overlord x5  
  43  4:30  Baneling x3  
Show
View Real Time Build Order
Export as new Build Order

Faxanadu Terran 

Build Orders: Command Center First (CC) 

Get SALT Encoding   

  12  0:01  SCV  
  13  0:13  SCV  
  14  0:18  Supply Depot  
  14  0:25  SCV  
  15  0:39  SCV  
  16  0:57  Command Center  
  16  1:08  Barracks  
  16  1:11  SCV  
  17  1:24  Supply Depot  
  17  1:26  SCV  
  17  1:31  Refinery  
  18  2:03  Marine  
  18  2:04  Orbital Command  
  19  2:21  Marine  
  20  2:26  Bunker  
  20  2:35  Command Center  
  20  2:43  Marine  
  21  2:51  Orbital Command  
  21  3:01  Supply Depot  
  21  3:15  Marine  
  22  3:22  SCV x2  
  24  3:32  Marine  
  25  3:35  Factory  
  25  3:42  SCV  
  25  3:48  SCV  
  27  3:49  Orbital Command  
  27  3:50  Marine  
  28  3:58  Supply Depot  
  28  3:59  SCV  
  29  4:04  SCV  
  29  4:08  Marine  
  31  4:11  SCV  
  32  4:17  SCV, Supply Depot  
  32  4:22  Factory Tech Lab  
  33  4:26  Marine  
  34  4:40  Barracks  
  34  4:45  Barracks  
Tags
 
Add a new tag
Caveats
  • Supply blocks, unpowered buildings, or Contaminate may cause inaccurate times.
  • Supply counts are checked every 10 seconds.